 Dungeon Crawl Stone Soup version 0.24-a0-613-g1ff6aac338 (webtiles) character file.

Game seed: 9843496430843423203, levelgen mode: deterministic

396 MrRokkomies the Skirmisher (level 6, 0/55 (57) HPs)
             Began as a Ghoul Monk on Sept 11, 2019.
             Slain by a gnoll
             ... wielding a +0 spear
              (7 damage)
             ... on level 3 of the Dungeon.
             The game lasted 00:05:58 (2820 turns).

MrRokkomies the Skirmisher (Ghoul Monk)             Turns: 2820, Time: 00:05:59

HP:   0/55 (57)     AC:  3    Str: 16    XL:     6   Next: 82%
MP:   5/5           EV: 12    Int:  9    God:
Gold: 49            SH:  0    Dex: 11    Spells: 5/5 levels left

rFire    . . .     SeeInvis .   e - +8 mace "Beastbane" {venom, Int+3}
rCold    + . .     Gourm    .   (no shield)
rNeg     + + +     Faith    +   a - +0 robe
rPois    ∞         Spirit   .   d - +0 helmet
rElec    .         Reflect  .   (no cloak)
rCorr    .         Harm     .   (no gloves)
MR       .....                  (no boots)
Stlth    ++........             i - amulet of faith
HPRegen  0.00/turn              (no ring)
MPRegen  0.09/turn              (no ring)

@: rotting
A: rotting body, claws 1, carnivore, cold resistance 1, negative energy
resistance 3, inhibited regeneration, torment resistance, unbreathing
a: no special abilities


You were on level 3 of the Dungeon.
You were not hungry.

You visited 1 branch of the dungeon, and saw 4 of its levels.

You collected 49 gold pieces.

Inventory:

Hand Weapons
 e - the +8 mace "Beastbane" (weapon) {venom, Int+3}
   (You found it on level 2 of the Dungeon)

   It poisons the flesh of those it strikes.
   It affects your intelligence (+3).
Armour
 a - a +0 robe (worn)
 d - a +0 helmet (worn)
Jewellery
 i - an amulet of faith (around neck)
Wands
 f - a wand of paralysis (12)
Scrolls
 h - 2 scrolls of fear
 j - a scroll of identify {unknown}
 k - a scroll of noise {unknown}
Potions
 c - a potion of might {unknown}
 g - a potion of curing {unknown}
Comestibles
 b - 7 rations


   Skills:
 * Level 6.2 Fighting
 - Level 2.6 Dodging
 - Level 2.1 Stealth
 * Level 6.2 Unarmed Combat


You had 5 spell levels left.
You didn't know any spells.
Your spell library contained the following spells:

 Spells                   Type           Power        Failure   Level  Hunger
 Magic Dart               Conj           #...         38%         1    ##.....
 Blink                    Tloc           N/A          52%         2    ###....
 Call Imp                 Summ           #.......     52%         2    ###....
 Slow                     Hex            #.......     52%         2    ###....
 Conjure Flame            Conj/Fire      #.......     77%         3    ####...
 Mephitic Cloud           Conj/Pois/Air  #.......     77%         3    ####...


Dungeon Overview and Level Annotations

Branches:
Dungeon (4/15)
 Temple: D:4-7

Altars:


Innate Abilities, Weirdness & Mutations

Your body is rotting away.
You thrive on raw meat.
You are immune to poison.
You have sharp fingernails.
You are carnivorous and can eat meat at any time.
Your flesh is cold resistant. (rC+)
You are immune to negative energy. (rN+++)
You do not regenerate when monsters are visible.
You are immune to unholy pain and torment.
You can survive without breathing.


Message History

* * * LOW HITPOINT WARNING * * *
The gnoll barely misses you.
You sock the gnoll!
You kill the gnoll!
The gnoll closely misses you.
The gnoll hits you from afar with a +0 spear.
* * * LOW HITPOINT WARNING * * *
The gnoll hits you from afar with a +0 spear.
* * * LOW HITPOINT WARNING * * *
Things that are here:
a +0 spear; a yellow potion; 3 scrolls labeled YGREFE OCEOZO The gnoll barely misses you.
You hit the gnoll.
The gnoll is heavily wounded.
The gnoll hits you with a +0 spear.
* * * LOW HITPOINT WARNING * * *
You barely miss the gnoll.
The gnoll is heavily wounded.
The gnoll barely misses you. The gnoll hits you with a +0 spear!
You die...

.................#.# #.#.##.#
.......####.#......#####......#
.......# #.##...#.......#.####
.......# #.###..#########.#
###.#### #......# #)# #.#
#####.## #.## #.# ##'## #..#
###.### ##.).## ##.# ......#
##..)@g## ###.# .##.#.##
##.......## ##.#.#
#....####)........####....###
#.......')........'............
##...####.........####...#.####
#..## ##.......## ##....# ....#
##.....## #.#### ###.## ##...##
#.# #. ##'## #.#


You could see a gnoll.

Vanquished Creatures
  An ogre (D:3)
  2 orc wizards (D:3)
  Robin (D:3)
  7 gnolls (D:3)
  6 adders
  3 oozes
  2 worms (D:2)
  3 dart slugs (D:1)
  4 leopard geckos
  2 orcs (D:3)
  2 ball pythons
  7 bats
  3 giant cockroaches
  14 goblins
  11 hobgoblins
  6 jackals (D:3)
  7 frilled lizards
  12 kobolds
  8 rats
101 creatures vanquished.

Notes
Turn   | Place    | Note
-------+----------+-------------------------------------------
     0 | D:1      | MrRokkomies the Ghoul Monk began the quest for the Orb.
     0 | D:1      | Reached XP level 1. HP: 19/19 MP: 0/0
   112 | D:1      | Reached XP level 2. HP: 25/26 MP: 1/1
   240 | D:1      | Reached XP level 3. HP: 32/33 MP: 2/2
   778 | D:2      | Reached XP level 4. HP: 31/40 MP: 3/3
   831 | D:2      | Got an iridescent mace
   832 | D:2      | Identified the +8 mace "Beastbane" {venom, Int+3} (You
                  | found it on level 2 of the Dungeon)
   859 | D:2      | You fall into a shaft and drop 2 floors!
  1041 | D:3      | Noticed Robin
  1059 | D:3      | Killed Robin
  1267 | D:2      | Reached XP level 5. HP: 44/47 MP: 4/4
  1344 | D:2      | Reached skill level 5 in Fighting
  1344 | D:2      | Reached skill level 5 in Unarmed Combat
  2282 | D:3      | Reached XP level 6. HP: 13/55 MP: 5/5
  2820 | D:3      | Slain by a gnoll

Levels and vault maps discovered:
D:1:      giann_horns, layout_basic
D:2:      minmay_recursive_quarters, layout_loops_ring, minmay_between
D:3:      layout_loops_corners, first_ration, uniq_robin
D:4:      layout_basic, nicolae_tso_swordbearing_angel, uniq_eustachio

Skill      XL: |  1  2  3  4  5  6 |
---------------+-------------------+-----
Fighting       | 4 5 6 |  6.2
Unarmed Combat | 4 5 6 |  6.2
Dodging        | |  2.6
Stealth        | |  2.1

Action                   |  1- 3 |  4- 6 || total
-------------------------+-------+-------++-------
Melee: Unarmed           |    87 |    16 ||   103
       Punch             |     1 |       ||     1
       Mace              |       |   124 ||   124
  Use: Potion            |       |     1 ||     1
       Scroll            |       |     4 ||     4
 Stab: Sleeping          |    10 |     3 ||    13
       Distracted        |     1 |     1 ||     2
  Eat: Chunk             |       |    11 ||    11
Armor: Robe              |    16 |    40 ||    56
Dodge: Dodged            |    45 |   138 ||   183

Table legend:
 A = Non-vault XP
 B = Vault XP
 C = Vault XP percentage of total XP
 D = Non-vault monster count
 E = Vault monster count
 F = Vault count percentage of total count
                 A         B        C        D         E       F
            +---------+---------+-------+---------+---------+-------
      Total |     508 |      58 |  10.2 |      77 |      24 |  23.8
            +---------+---------+-------+---------+---------+-------
        D:1 |      54 |       0 |   0.0 |      21 |       0 |   0.0
        D:2 |      78 |      21 |  21.2 |      24 |      12 |  33.3
        D:3 |     375 |      37 |   9.0 |      31 |      12 |  27.9
        D:4 |       1 |       0 |   0.0 |       1 |       0 |   0.0
            +---------+---------+-------+---------+---------+-------
